 Dungeon Crawl Stone Soup version 0.23-a0-310-gdcc7a32 (webtiles) character file.

44253 galech the Cleaver (level 13, -3/104 HPs)
             Began as a Demonspawn Fighter on Oct 12, 2018.
             Was the Champion of Okawaru.
             Slain by MisterFreud's ghost (21 damage)
             ... on level 6 of the Lair of Beasts.
             The game lasted 00:42:11 (23492 turns).

galech the Cleaver (Demonspawn Fighter)            Turns: 23492, Time: 00:42:11

Health: -3/104     AC: 18    Str: 21    XL:     13   Next: 95%
Magic:  0/23       EV: 17    Int: 14    God:    Okawaru [******]
Gold:   1125       SH:  9    Dex: 25    Spells: 12/12 levels left

rFire    . . .     SeeInvis .   h - +2 war axe (flame)
rCold    . . .     Gourm    .   j - +0 buckler "Irem" {MR+ Dex+2}
rNeg     + + .     Faith    .   Q - +0 chain mail of Ceaboten {+Blink Str+4 Dex+4}
rPois    .         Spirit   +   E - +2 hat
rElec    .         Reflect  .   M - +0 cloak
rCorr    .         Harm     .   V - +0 pair of gloves of Nobility {*Slow rN++ Int+4}
MR       +....                  (boots unavailable)
Stlth    ++........             q - amulet of the acrobat
HPRegen  0.27/turn              R - +3 ring of slaying
MPRegen  0.36/turn              A - ring of magical power

@: heroism, studying Polearms
A: talons 3, thin skeletal structure 1, demonic guardian 2, magic shield, magic
regeneration
a: Heroism, Finesse, Renounce Religion, Evoke Blink


You were on level 6 of the Lair of Beasts.
You worshipped Okawaru.
Okawaru was exalted by your worship.
You were not hungry.

You visited 3 branches of the dungeon, and saw 17 of its levels.
You also visited: Bailey, Ice Cave and Volcano.

You collected 1533 gold pieces.
You spent 408 gold pieces at shops.

Inventory:

Hand Weapons
 h - a +2 war axe of flaming (weapon)
 y - a +2 war axe of venom
Armour
 a - a scarf of cloud immunity
 b - a +0 hat of see invisible
 c - a +0 shield
 e - a +2 chain mail of fire resistance
 j - the +0 buckler "Irem" (worn) {MR+ Dex+2}
   (You found it on level 5 of the Lair of Beasts)

   It affects your dexterity (+2).
   It affects your resistance to hostile enchantments.
 E - a +2 hat (worn)
 H - a +1 pair of gloves of strength
 M - a +0 cloak (worn)
 O - a +2 scale mail of poison resistance
 Q - the +0 chain mail of Ceaboten (worn) {+Blink Str+4 Dex+4}
   (You found it on level 10 of the Dungeon)

   It affects your strength (+4).
   It affects your dexterity (+4).
   It lets you blink.
 V - the +0 pair of gloves of Nobility (worn) {*Slow rN++ Int+4}
   (You found it in a volcano)

   It affects your intelligence (+4).
   It greatly protects you from negative energy.
   It may slow you when you take damage.
 X - a +0 robe of cold resistance
Jewellery
 q - an amulet of the acrobat (around neck)
 A - a ring of magical power (right hand)
 N - an uncursed ring of resist corrosion
 R - a +3 ring of slaying (left hand)
 Z - an uncursed ring of positive energy
Wands
 s - a wand of digging (30)
Scrolls
 g - 8 scrolls of teleportation
 i - 3 scrolls of enchant armour
 k - 5 scrolls of amnesia
 p - 2 scrolls of enchant weapon
 t - a scroll of acquirement
 u - 3 scrolls of fog
Potions
 d - 8 potions of might
 l - 4 potions of degeneration
 m - 2 potions of resistance
 n - 4 potions of curing
 o - 3 potions of flight
 r - 4 potions of haste {unknown}
 v - a potion of cancellation {unknown}
 x - 4 potions of brilliance {unknown}
 z - a potion of invisibility {unknown}
 C - 2 potions of agility {unknown}
 G - 4 potions of mutation
 I - a potion of ambrosia {unknown}
 J - 3 potions of berserk rage {unknown}
 P - a potion of heal wounds
Books
 D - a manual of Polearms
Comestibles
 f - 41 rations


   Skills:
 + Level 10.6(15.6) Fighting
 + Level 14.8(19.8) Axes
 + Level 8.8(13.8) Armour
 + Level 5.5(10.5) Dodging
 + Level 3.9(8.9) Stealth
 + Level 9.1(14.1) Shields
 + Level 1.9 Invocations


You had 12 spell levels left.
You didn't know any spells.
Your spell library contained the following spells:

 Spells                   Type           Power        Failure   Level  Hunger
 Beastly Appendage        Tmut           #.....       83%         1    ##.....
 Confusing Touch          Hex            #.....       83%         1    ##.....
 Sticks to Snakes         Tmut           #.......     93%         2    ###....
 Confuse                  Hex            #.......     99%         3    ####...
 Gell's Gravitas          Tloc           #.........   99%         3    ####...
 Spider Form              Tmut/Pois      #.........   99%         3    ####...
 Ice Form                 Ice/Tmut       #.......     100%        4    #####..
 Petrify                  Tmut/Erth      #.......     100%        4    #####..
 Blade Hands              Tmut           #.........   100%        5    ######.
 Metabolic Englaciation   Hex/Ice        #.........   100%        5    ######.
 Yara's Violent Unravell  Hex/Tmut       #.........   100%        5    ######.
 Bolt of Cold             Conj/Ice       #.........   100%        6    #######
 Freezing Cloud           Conj/Ice/Air   #.........   100%        6    #######
 Ozocubu's Refrigeration  Ice            #.........   100%        6    #######
 Simulacrum               Ice/Necr       #.........   100%        6    #######


Dungeon Overview and Level Annotations

Branches:
Dungeon (10/15)            Temple (1/1) D:6            Lair (6/6) D:10
  Swamp (0/4) Lair:4       Spider (0/4) Lair:4        Slime (0/5) Lair:6
    Orc (0/2) D:9

Altars:
Ashenzari
Cheibriados
Elyvilon
Fedhas
Gozag
Hepliaklqana
Kikubaaqudgha
Makhleb
Okawaru
Ru
Wu Jian
Xom
Zin
Jiyva

Shops:
D:4 *   D:10 !

Annotations:
D:6 3 runed doors, epen's ghost, novice DsWn
Lair:5 2 transporters, RoseArtemis's ghost, journeyman KoHu
Lair:6 MisterFreud's ghost, journeyman TrMo


Innate Abilities, Weirdness & Mutations

You have claws for feet.
You have a somewhat thin skeletal structure. (Dex +2, Stealth)
A demonic guardian rushes to your aid.
When hurt, damage is shared between your health and your magic reserves.
You regenerate magic rapidly.


Message History

You completely miss MisterFreud's ghost.
Your kick misses MisterFreud's ghost.
MisterFreud's ghost is severely damaged.
You hit MisterFreud's ghost but do no damage.
You claw MisterFreud's ghost!
MisterFreud's ghost is severely damaged.
Your ice devil completely misses MisterFreud's ghost.
MisterFreud's ghost hits you!
* * * LOW HITPOINT WARNING * * *
Unknown command.
Your chain mail of Ceaboten prevents you from hitting MisterFreud's ghost.
Your kick misses MisterFreud's ghost.
MisterFreud's ghost is severely damaged.
MisterFreud's ghost closely misses you.
Your ice devil completely misses MisterFreud's ghost.
You feel much better.
Your ice devil hits MisterFreud's ghost.
Your ice devil freezes MisterFreud's ghost!
MisterFreud's ghost hits you!!
You die...

.........†.#..# ###.......##
..............# #.#.......#
..............## ##.......###
...............#####........P.#
............#..##...#...P..P..#
.............###...##..P.....##
.........................>..##
.............#.#........._..#
................@4.....#...##
........#########W......##..#
........#.......#..........##
........#..#.#..#.........##
........#.?.#...'..........#
........#.=.....'.........P#
........#.).#...'..........##
........#.$#.#.D#.........#.#
........#.......#..........##


You could see MisterFreud's ghost and a friendly ice devil.

Vanquished Creatures
  A hydra (Lair:6)
  A two-headed ogre (Volcano)
  A necromancer (IceCv)
  An orc knight (Bailey)
  A harpy (Lair:6)
  3 oklob plants (Lair:6)
  A salamander (Volcano)
  A manticore (Lair:6)
  6 black mambas
  An ice statue (IceCv)
  6 elephants (Lair:6)
  8 spiny frogs
  2 torpor snails
  3 rime drakes
  A kobold demonologist (Bailey)
  10 freezing wraiths (IceCv)
  7 komodo dragons
  A hornet (Lair:4)
  8 blink frogs
  3 polar bears
  2 dream sheep (Lair:5)
  6 hippogriffs
  3 wyverns
  A basilisk (Lair:6)
  A fire bat (Volcano)
  2 hogs (D:8)
  18 yaks
  A steam dragon (D:7)
  4 hungry ghosts
  2 swamp worms (Lair:4)
  10 water moccasins
  3 hell hounds (Volcano)
  9 porcupines
  12 orc warriors
  2 black bears
  A phantom (D:7)
  9 ice beasts
  A sky beast (D:10)
  2 alligator simulacra (IceCv)
  9 wolves
  6 centaurs
  8 crocodiles
  2 big kobolds (D:10)
  6 bullfrogs
  A gnoll sergeant (D:10)
  6 scorpions
  An elephant simulacrum (IceCv)
  A killer bee (D:7)
  5 wights (D:8)
  5 electric eels
  9 howler monkeys
  2 crimson imps
  A draconian simulacrum (IceCv)
  6 hounds
  A jelly (D:6)
  A centaur zombie (D:7)
  10 orc priests
  4 iguanas
  A bullfrog skeleton (D:8)
  7 orc wizards
  10 worker ants
  7 troll simulacra (IceCv)
  A spriggan simulacrum (IceCv)
  A polar bear simulacrum (IceCv)
  2 centaur simulacra (IceCv)
  5 ogre zombies (D:9)
  2 hound skeletons
  A howler monkey zombie (D:6)
  Robin (D:3)
  9 gnolls
  13 adders
  3 ogre simulacra (IceCv)
  5 naga simulacra (IceCv)
  2 shadow imps
  12 white imps (IceCv)
  An adder zombie (D:5)
  2 worms
  4 dart slugs
  3 leopard geckos
  54 orcs
  A ball python (D:2)
  8 bats
  8 giant cockroaches
  18 goblins
  20 hobgoblins
  13 jackals
  8 quokkas
  3 frilled lizards
  3 hobgoblin skeletons (D:9)
  A hobgoblin zombie (D:9)
  18 kobolds
  A leopard gecko skeleton (D:6)
  2 orc skeletons (D:9)
  12 orc zombies (D:9)
  3 rats
  4 plants
508 creatures vanquished.

Vanquished Creatures (collateral kills)
  A hydra (Lair:6)
  A merfolk avatar (Lair:6)
  A two-headed ogre (Volcano)
  A catoblepas (Lair:6)
  A death yak (Lair:6)
  Urug (D:10)
  2 sea snakes (Lair:6)
  A salamander (Volcano)
  An oklob plant (Lair:6)
  3 elephants (Lair:6)
  3 spiny frogs
  A kobold demonologist (Bailey)
  3 rime drakes (Lair:6)
  A komodo dragon (Lair:6)
  2 hornets
  8 blink frogs
  2 hippogriffs
  4 dream sheep (Lair:5)
  12 yaks
  2 hogs (D:8)
  A basilisk (Lair:4)
  A wyvern (Lair:6)
  A human (D:8)
  A hungry ghost (D:7)
  2 water moccasins
  A porcupine (Lair:2)
  3 orc warriors
  An ice beast (D:5)
  3 phantoms
  A crocodile (Lair:6)
  A big kobold (D:10)
  A bullfrog (D:7)
  A scorpion (D:7)
  An orc priest (D:10)
  2 orc wizards
  A troll simulacrum (IceCv)
  A worker ant (D:10)
  An ogre zombie (D:9)
  A gnoll (D:4)
  A howler monkey skeleton (D:4)
  5 orcs
  2 goblins (D:3)
  2 jackals (D:3)
  5 kobolds (D:10)
  A ball python (D:4)
  A leopard gecko skeleton (D:4)
  An orc zombie (D:9)
  A fungus (Lair:2)
95 creatures vanquished.

Vanquished Creatures (others)
  An orc (D:8)
  A goblin (Bailey)
  A bush (Lair:6)
  10 fungi
  54 plants
67 creatures vanquished.

Grand Total: 670 creatures vanquished

Notes
Turn   | Place    | Note
-------+----------+-------------------------------------------
     0 | D:1      | galech the Demonspawn Fighter began the quest for the Orb.
     0 | D:1      | Reached XP level 1. HP: 18/18 MP: 1/1
   253 | D:1      | Gained mutation: When hurt, damage is shared between your
                  | health and your magic reserves. [demonic ancestry]
   253 | D:1      | Reached XP level 2. HP: 23/24 MP: 2/2
   393 | D:1      | Reached skill level 2 in Axes
   781 | D:2      | Gained mutation: A weak demonic guardian rushes to your
                  | aid. [demonic ancestry]
   781 | D:2      | Reached XP level 3. HP: 7/29 MP: 1/3
  2223 | D:3      | Gained mutation: You have sharp toenails. [demonic
                  | ancestry]
  2223 | D:3      | Reached XP level 4. HP: 35/35 MP: 4/4
  2233 | D:3      | Noticed Robin
  2511 | D:2      | Reached skill level 1 in Dodging
  2760 | D:3      | Killed Robin
  2792 | D:3      | Reached skill level 3 in Axes
  2792 | D:3      | Gained mutation: You have razor-sharp toenails. [demonic
                  | ancestry]
  2792 | D:3      | Reached XP level 5. HP: 37/41 MP: 5/5
  3445 | D:4      | Found a burning altar of Makhleb.
  3629 | D:4      | Noticed a phantom
  3638 | D:4      | Reached XP level 6. HP: 43/48 MP: 6/6
  3661 | D:4      | Reached skill level 4 in Axes
  4016 | D:4      | Found Gozag's Platinum Reserve.
  4016 | D:4      | Found an opulent altar of Gozag.
  4588 | D:5      | Entered Level 5 of the Dungeon
  4608 | D:5      | Gained mutation: You regenerate magic rapidly. [demonic
                  | ancestry]
  4608 | D:5      | Reached XP level 7. HP: 40/54 MP: 5/7
  5395 | D:5      | Reached skill level 5 in Axes
  5447 | D:5      | Found a sacrificial altar of Ru.
  5448 | D:5      | Found a blossoming altar of Fedhas.
  5761 | D:6      | Found a staircase to the Ecumenical Temple.
  5770 | Temple   | Entered the Ecumenical Temple
  5876 | Temple   | Became a worshipper of Warmaster Okawaru
  6035 | D:6      | Found a runed gate.
  6037 | D:6      | Found a runed gate.
  6037 | D:6      | Found a runed gate.
  6037 | D:6      | Noticed epen's ghost (novice DsWn)
  6121 | D:6      | Gained mutation: You have claws for feet. [demonic
                  | ancestry]
  6121 | D:6      | Reached XP level 8. HP: 55/61 MP: 6/8
  6253 | D:6      | Found a shattered altar of Ashenzari.
  6938 | D:7      | Reached * piety under Okawaru
  6938 | D:7      | Reached skill level 6 in Axes
  6969 | D:7      | Reached skill level 5 in Armour
  6991 | D:7      | Found a shimmering altar of Xom.
  7011 | D:7      | Reached ** piety under Okawaru
  7011 | D:7      | Reached skill level 5 in Fighting
  7053 | D:7      | Found a flagged portal.
  7053 | D:7      | Noticed a hippogriff
  7056 | D:7      | Found an opulent altar of Gozag.
  7060 | D:7      | Reached skill level 7 in Axes
  7060 | D:7      | Killed a hippogriff
  7060 | D:7      | Reached skill level 5 in Shields
  7100 | Bailey   | Entered a bailey
  7170 | Bailey   | Gained mutation: A demonic guardian rushes to your aid.
                  | [demonic ancestry]
  7170 | Bailey   | Reached XP level 9. HP: 56/68 MP: 9/9
  7258 | Bailey   | Found an iron altar of Okawaru.
  7258 | Bailey   | Noticed a kobold demonologist
  7258 | Bailey   | Noticed a kobold demonologist
  7274 | Bailey   | Killed a kobold demonologist
  7274 | Bailey   | Reached *** piety under Okawaru
  7277 | Bailey   | Killed a kobold demonologist
  7527 | Bailey   | Reached skill level 8 in Axes
  8028 | Bailey   | Got a dull robe
  8039 | Bailey   | Identified the +1 robe of the Evening {SInv} (You found it
                  | in a bailey)
  8079 | Bailey   | Noticed an orc knight
  8088 | Bailey   | Killed an orc knight
  8088 | Bailey   | Reached skill level 9 in Axes
  8121 | Bailey   | Reached **** piety under Okawaru
  8439 | D:7      | Reached XP level 10. HP: 76/76 MP: 10/10
  8719 | D:7      | Found a white marble altar of Elyvilon.
  8932 | D:8      | Paralysed by a hornet for 3 turns
  9227 | D:8      | Reached ***** piety under Okawaru
  9293 | D:8      | Found a glowing silver altar of Zin.
  9306 | D:8      | Reached skill level 10 in Axes
  9656 | D:9      | Reached skill level 1 in Stealth
  9792 | D:9      | Received a gift from Okawaru
  9903 | D:9      | Found a staircase to the Orcish Mines.
  9965 | D:9      | Found a snail-covered altar of Cheibriados.
 10257 | D:10     | Entered Level 10 of the Dungeon
 10282 | D:10     | Found a staircase to the Lair.
 10350 | D:10     | Noticed Urug
 10382 | D:10     | Killed Urug
 10382 | D:10     | Reached skill level 11 in Axes
 10382 | D:10     | Reached XP level 11. HP: 57/83 MP: 11/11
 10524 | D:10     | Found Dija's Distillery.
 10568 | D:10     | Received a gift from Okawaru
 10722 | D:10     | Bought a potion of mutation for 136 gold pieces
 10722 | D:10     | Bought 2 potions of mutation for 272 gold pieces
 10926 | D:10     | Got a faintly humming chain mail
 10937 | D:10     | Identified the cursed +0 chain mail of Ceaboten {+Blink
                  | Str+4 Dex+4} (You found it on level 10 of the Dungeon)
 11066 | Lair:1   | Entered Level 1 of the Lair of Beasts
 11910 | Lair:2   | Reached skill level 12 in Axes
 12462 | Lair:2   | Found a dark tunnel.
 12468 | Volcano  | Entered a volcano
 12490 | Volcano  | Noticed a two-headed ogre
 12495 | Volcano  | Killed a two-headed ogre
 12536 | Volcano  | Gained mutation: You have a somewhat thin skeletal
                  | structure. (Dex +2, Stealth) [demonic ancestry]
 12536 | Volcano  | Reached XP level 12. HP: 88/94 MP: 12/12
 12549 | Volcano  | Noticed a two-headed ogre
 12554 | Volcano  | Killed a two-headed ogre
 12914 | Volcano  | Reached ****** piety under Okawaru
 12914 | Volcano  | Received a gift from Okawaru
 12933 | Volcano  | Got a pair of scorched gloves
 13099 | Lair:2   | Identified the cursed +0 pair of gloves of Nobility {*Slow
                  | rN++ Int+4} (You found it in a volcano)
 13479 | Lair:3   | Found a frozen archway.
 13488 | IceCv    | Entered an ice cave
 14669 | IceCv    | Found an ancient bone altar of Kikubaaqudgha.
 15525 | IceCv    | Reached skill level 13 in Axes
 17438 | Lair:4   | Found a hole to the Spider Nest.
 17654 | Lair:4   | Found a staircase to the Swamp.
 18598 | Lair:5   | Noticed an eight-headed hydra
 18599 | Lair:5   | Noticed RoseArtemis's ghost (journeyman KoHu)
 19426 | Lair:5   | Found a transporter.
 19432 | Lair:5   | Found a transporter.
 19515 | Lair:5   | Got an ancient buckler
 19526 | Lair:5   | Identified the +0 buckler "Irem" {MR+ Dex+2} (You found it
                  | on level 5 of the Lair of Beasts)
 19848 | Lair:5   | Reached XP level 13. HP: 83/101 MP: 13/13
 19849 | Lair:5   | Received a gift from Okawaru
 20161 | Lair:6   | Entered Level 6 of the Lair of Beasts
 20168 | Lair:6   | Noticed MisterFreud's ghost (journeyman TrMo)
 20301 | Lair:6   | Reached skill level 5 in Dodging
 20610 | Lair:6   | Reached skill level 14 in Axes
 20925 | Lair:6   | Found a runed gate.
 20925 | Lair:6   | Found a runed gate.
 20925 | Lair:6   | Found a runed gate.
 20926 | Lair:6   | Found a viscous altar of Jiyva.
 20926 | Lair:6   | Found a staircase to the Slime Pits.
 21066 | Lair:6   | Reached skill level 10 in Fighting
 21481 | Lair:6   | Received a gift from Okawaru
 21585 | Lair:6   | Received a gift from Okawaru
 21595 | Lair:6   | Reached skill level 1 in Invocations
 23352 | Lair:6   | Received a gift from Okawaru
 23490 | Lair:6   | HP: 1/104 [MisterFreud's ghost (12)]
 23492 | Lair:6   | Slain by MisterFreud's ghost

Vault maps used:
D:1:      minmay_arrival_open_corners, minmay_ruptured
D:3:      first_ration, uniq_robin
D:4:      nicolae_gozag_zags_fifth_avenue, lemuel_doored_altar
D:5:      chequers_temple_overflow_statue_of_worship, kennysheep_small_circle
D:6:      cheibrodos_ashenzari_chains, minmay_temple_entry_trees,
          gammafunk_ghost_necromancy
D:7:      nicolae_overflow_crystal_walls, enter_bailey_2, minmay_misc_feat_x,
          hangedman_feature_mirror
D:8:      kennysheep_mini_moat, grunt_livestock, kennysheep_generic_room_6
D:9:      kennysheep_little_box, zombieorc1_lemuel
D:10:     dpeg_oklobed_lair, serial_shops, nicolae_shop_behind_doors, uniq_urug
Temple:   minmay_temple_curvy_branch
Lair:2:   nicolae_volcano_entry_s_turn, beast_lair_carwin_5,
          serial_bayou_shore_a
Lair:3:   portal_ice_cave_entry_pillars_1, serial_bayou_shore_b
Lair:4:   minmay_swamp_entry_worms, nicolae_spider_entry_non_spiders
Lair:5:   gammafunk_ghost_arena
Lair:6:   gammafunk_lair_ancient_temple, slime_altar_1, gammafunk_ghost_split,
          serial_bayou_ford_a, nicolae_lair_yak_garden,
          minmay_lair_oklob_chamber
Bailey:   bailey_axe_of_yendor_kennysheep, bailey
IceCv:    ice_cave_small_necro
Volcano:  volcano_village

Skill      XL: |  1  2  3  4  5  6  7  8  9 10 11 12 13 |
---------------+----------------------------------------+-----
Axes           | 2 3 4 5 7 9 11 12 13 14 | 14.8
Armour         | 3 4 5 6 7 8 |  8.8
Shields        | 3 4 5 6 7 8 9 |  9.1
Dodging        | 1 2 3 4 5 |  5.5
Fighting       | 4 5 6 8 9 10 | 10.6
Stealth        | 1 2 3 |  3.9
Invocations    | 1 |  1.9

Action                   |  1- 3 |  4- 6 |  7- 9 | 10-12 | 13-15 || total
-------------------------+-------+-------+-------+-------+-------++-------
Melee: War axe           |   130 |       |   243 |   748 |   356 ||  1477
       Broad axe         |     6 |   225 |     6 |       |       ||   237
       Kick              |       |    42 |    67 |   291 |   180 ||   580
Invok: Heroism           |       |       |     1 |     8 |    10 ||    19
  Use: Potion            |     1 |       |       |       |     5 ||     6
       Scroll            |       |     5 |     7 |     6 |     3 ||    21
 Stab: Distracted        |       |       |     1 |     5 |     4 ||    10
       Sleeping          |       |       |       |     3 |     2 ||     5
  Eat: Chunk             |     4 |     8 |    15 |    25 |    10 ||    62
       Ration            |       |       |       |     4 |     1 ||     5
Armor: Scale mail        |    83 |   103 |    36 |     1 |       ||   223
       Plate armour      |       |       |    23 |   124 |       ||   147
       Chain mail        |       |       |       |    18 |    32 ||    50
       Ring mail         |       |       |       |    95 |    60 ||   155
Dodge: Dodged            |    58 |    82 |    85 |   278 |   220 ||   723
Block: Shield            |    74 |   137 |   113 |   358 |       ||   682
       Buckler           |       |       |       |    13 |   123 ||   136

Table legend:
 A = Non-vault XP
 B = Vault XP
 C = Vault XP percentage of total XP
 D = Non-vault monster count
 E = Vault monster count
 F = Vault count percentage of total count
                 A         B        C        D         E       F
            +---------+---------+-------+---------+---------+-------
      Total |   32082 |   31137 |  49.3 |     377 |     221 |  37.0
            +---------+---------+-------+---------+---------+-------
        D:1 |      17 |       0 |   0.0 |      11 |       0 |   0.0
        D:2 |     133 |      15 |  10.1 |      30 |       8 |  21.1
        D:3 |      54 |      21 |  28.0 |      19 |       4 |  17.4
        D:4 |     452 |       0 |   0.0 |      32 |       0 |   0.0
        D:5 |     353 |      81 |  18.7 |      18 |       4 |  18.2
        D:6 |     577 |       0 |   0.0 |      15 |       0 |   0.0
        D:7 |    1469 |      61 |   4.0 |      25 |       1 |   3.8
        D:8 |    2017 |     996 |  33.1 |      38 |       6 |  13.6
        D:9 |     750 |     671 |  47.2 |      14 |      29 |  67.4
       D:10 |    3580 |     414 |  10.4 |      74 |       1 |   1.3
     Lair:1 |     193 |       0 |   0.0 |       2 |       0 |   0.0
     Lair:2 |    4399 |     925 |  17.4 |      19 |       7 |  26.9
     Lair:3 |    1319 |       0 |   0.0 |       7 |       0 |   0.0
     Lair:4 |    2262 |     827 |  26.8 |      11 |      10 |  47.6
     Lair:5 |    5962 |       0 |   0.0 |      26 |       0 |   0.0
     Lair:6 |    8545 |   15543 |  64.5 |      36 |      46 |  56.1
     Bailey |       0 |    2494 | 100.0 |       0 |      42 | 100.0
      IceCv |       0 |    6109 | 100.0 |       0 |      54 | 100.0
    Volcano |       0 |    2980 | 100.0 |       0 |       9 | 100.0
            +---------+---------+-------+---------+---------+-------
